 Dungeon Crawl Stone Soup version 0.27-a0-1139-g28e009f8a6 (webtiles) character file.

Game seed: 3106331625781117621

163 Zeld the Chucker (level 5, -13/36 HPs)
             Began as an Octopode Fighter on May 8, 2021.
             Mangled by an ogre
             ... wielding a +0 giant club
              (18 damage)
             ... on level 4 of the Dungeon.
             The game lasted 00:03:35 (2898 turns).

Zeld the Chucker (Octopode Fighter)                 Turns: 2898, Time: 00:03:36

Health: -13/36     AC:  1    Str: 16    XL:     5   Next: 44%
Magic:  5/5        EV: 11    Int: 11    God:
Gold:   127        SH:  8    Dex: 11    Spells: 4/4 levels left

rFire    . . .     SeeInvis .   a - +0 war axe
rCold    . . .     Faith    .   b - +0 kite shield
rNeg     . . .     Spirit   .   (helmet restricted)
rPois    .         Reflect  .   (no amulet)
rElec    .         Harm     .   (no ring)
rCorr    .         Rampage  .   (no ring)
Will     .....                  (no ring)
Stlth    ++........             (no ring)
HPRegen  0.12/turn              (no ring)
MPRegen  0.09/turn              (no ring)
                                (no ring)
                                (no ring)

@: very slightly contaminated, invisible
A: almost no armour, amphibious, 8 rings, camouflage 1, gelatinous body 1,
(nimble swimmer 1), tentacles
a: no special abilities


You were on level 4 of the Dungeon.
You visited 1 branch of the dungeon, and saw 4 of its levels.

You collected 127 gold pieces.

Inventory:

Hand Weapons
 a - a +0 war axe (weapon)
Missiles
 h - 8 javelins (quivered)
 m - 2 boomerangs
Armour
 b - a +0 kite shield (worn)
Scrolls
 i - a scroll of teleportation
 j - a scroll of magic mapping
 k - a scroll of brand weapon
Potions
 c - 2 potions of might
 d - a potion of degeneration {unknown}


   Skills:
 - Level 3.3 Fighting
 - Level 2.4 Axes
 * Level 4.1 Throwing
 - Level 3.0 Dodging
 - Level 3.3 Shields


You had 4 spell levels left.
You didn't know any spells.
Your spell library was empty.

Dungeon Overview and Level Annotations

Branches:
Dungeon (4/15)
 Temple: D:4-7

Altars:

Portals:
Sewer: D:4


Innate Abilities, Weirdness & Mutations

You cannot wear most types of armour.
You are amphibious.
You can wear up to eight rings at the same time.
Your skin changes colour to match your surroundings (Stealth+).
Your rubbery body absorbs attacks. (AC +1, EV +1)
((You are camouflaged near water. (Stealth+)))
You have tentacles for arms and can constrict up to eight enemies at once.


Message History

The adder is severely wounded.
You constrict the adder.
The adder struggles to escape constriction.
A gnoll comes into view. It is wielding a +0 whip.
The adder closely misses you.
You barely miss the adder.
The adder is almost dead.
The gnoll shouts!
You hit the ogre. You constrict the adder.
You kill the adder!
The adder bites you.
A gnoll comes into view. It is wielding a +0 club.
The ogre hits you with a +0 giant club!!
Ouch! That really hurt!
The adder bites you.
You are poisoned.
The adder poisons you!
The gnoll moves out of view.
You are too injured to fight recklessly!
Unknown command.
You hit the adder but do no damage. Your grab misses the adder.
You barely miss the adder. You hit the ogre.
You feel sick. The adder misses you. You block the adder's attack.
You block the ogre's attack.
A gnoll comes into view. It is wielding a +0 whip.
You block the adder's attack. The adder bites you.
* * * LOW HITPOINT WARNING * * *
You are more poisoned.
The adder poisons you!
It was a potion of invisibility.
You fade into invisibility!
* * * LOW HITPOINT WARNING * * *
You feel sick. You block the adder's attack. The ogre closely misses you.
The adder completely misses you. You block the adder's attack.
You are very lightly contaminated with residual magic.
Unknown command.
It was a potion of curing.
You feel better. The adder bites you.
* * * LOW HITPOINT WARNING * * *
The ogre hits you with a +0 giant club!!
Ouch! That really hurt!
You die...

≈≈,,,****,,,**,*,,,,,,,,*,,,*****
≈,,,,*,,,*#,##.#.#.#<,##,,,,,,,**
,,,,*******.,....#.#,..#,**,**,**
,,,** *#.#...#.#....,,,,**,**
,********###.#...#.#...#*,*,,,,*
**,,,,,,,#...............,*,****
,,,,,,,,,#.#.....#######..,,,,*
,,,,,,,,,......S.#B≈≈≈≈#..,,,,*
,**,,,,,,#....gO@SB≈∩≈≈#..,,,,*
,*******,#####.#.#B≈≈≈≈#.#*****
,*,,,,,,,......#.#######.#*
,*,,,,,,,,..g#............*
,*,,,,,,,.!g.#........###.***
,*,,,,,,,.................,,*
,*,,,,,,,...######.########,*
,*,,,,,,,..g.......#.......,*
,,,,,,,,,.,.####.......##****


You could see an ogre, 3 gnolls, 2 adders and 3 giant cockroaches.

Vanquished Creatures
  An orc wizard (D:3)
  4 gnolls (D:2)
  4 adders
  2 dart slugs
  7 orcs (D:3)
  5 ball pythons
  9 endoplasms
  A giant cockroach (D:1)
  5 goblins
  A hobgoblin (D:2)
  2 jackals (D:1)
  4 kobolds
  3 quokkas
  A bat (D:3)
  3 frilled lizards
  2 rats (D:2)
54 creatures vanquished.

Notes
Turn   | Place    | Note
-------+----------+-------------------------------------------
     0 | D:1      | Zeld the Octopode Fighter began the quest for the Orb.
     0 | D:1      | Reached XP level 1. HP: 16/16 MP: 1/1
     5 | D:1      | Found a faded altar of an unknown god.
   239 | D:1      | Reached XP level 2. HP: 21/21 MP: 2/2
   903 | D:2      | Reached XP level 3. HP: 26/26 MP: 3/3
  1072 | D:2      | Reached skill level 1 in Throwing
  1399 | D:2      | Reached skill level 2 in Throwing
  1399 | D:2      | Reached XP level 4. HP: 14/31 MP: 4/4
  2037 | D:3      | Reached skill level 3 in Throwing
  2515 | D:3      | Reached XP level 5. HP: 36/36 MP: 5/5
  2715 | D:3      | Reached skill level 4 in Throwing
  2885 | D:4      | Found a glowing drain.
  2891 | D:4      | Noticed an ogre
  2898 | D:4      | Mangled by an ogre

Illustrated notes

Levels and vault maps discovered:
D:1:      minmay_arrival_radiant_lines, layout_basic, basic_ecumenical_altar
D:2:      layout_rooms
D:3:      minmay_spotlight, layout_loops_ring, chequers_serial_rivers_micro_c
D:4:      layout_basic, marbit_many_paths, tgw_sif, gup_sewer_entry_glass

Skill      XL: |  1  2  3  4  5 |
---------------+----------------+-----
Throwing       | 2 3 4 |  4.1
Fighting       | |  3.3
Axes           | |  2.4
Dodging        | |  3.0
Shields        | |  3.3

Action                   |  1- 3 |  4- 6 || total
-------------------------+-------+-------++-------
Melee: War axe           |    42 |    50 ||    92
       Constrict         |    10 |    13 ||    23
       Tentacles         |    11 |    11 ||    22
Throw: Javelin           |       |     1 ||     1
  Use: Scroll            |       |     5 ||     5
       Potion            |       |     2 ||     2
 Stab: Sleeping          |     4 |     6 ||    10
Armor: Skin              |     5 |     1 ||     6
Dodge: Dodged            |    21 |    18 ||    39
Block: Kite shield       |    11 |    23 ||    34

Table legend: (Time is in decaauts)
 A = Elapsed time spent in this place.
 B = Non-inter-level travel time spent in this place.
 C = Inter-level travel time spent in this place.
 D = Time resting spent in this place.
 E = Time spent auto-exploring this place.
 F = Levels seen in this place.
 G = Mean time per level.
                   A        B        C        D        E       F      G
               +--------+--------+--------+--------+--------+-----+--------+
         Total |   2955 |   2906 |     49 |      2 |   2462 |   4 |  738.8 |
       Dungeon |   2955 |   2906 |     49 |      2 |   2462 |   4 |  738.8 |
               +--------+--------+--------+--------+--------+-----+--------+

Top non-repeatable levels by time:
     D:2: 1152 daAuts
     D:3: 929 daAuts
     D:1: 848 daAuts
     D:4: 25 daAuts
